 Dungeon Crawl Stone Soup version 0.20.1-1-g8b1a95d (webtiles) character file.

704 slep the Shield-Bearer (level 7, -2/55 HPs)
             Began as a Formicid Fighter on Oct 24, 2017.
             Killed by nerve-wracking pain
             ... invoked by Menkaure
              (4 damage)
             ... on level 5 of the Dungeon.
             The game lasted 00:24:06 (2922 turns).

slep the Shield-Bearer (Formicid Fighter)           Turns: 2922, Time: 00:24:06

Health: -2/55      AC:  8    Str: 20      XL:     7   Next: 99%
Magic:  7/7        EV: 11    Int:  7 (8)  God:
Gold:   196        SH: 10    Dex: 15      Spells: 6/6 levels left

rFire    . . .     SeeInvis +   C - +1 spear (flame)
rCold    . . .     Gourm    .   c - +0 shield
rNeg     . . .     Faith    .   o - +4 leather armour "Mamosmit" {Dex+3}
rPois    .         Spirit   .   (helmet unavailable)
rElec    .         Reflect  .   v - +0 cloak
rCorr    +         Harm     .   (no gloves)
MR       .....                  (no boots)
Stlth    ++........             (no amulet)
Regen    0.2/turn               r - ring of resist corrosion
MPRegen  0.1/turn               h - ring of wizardry

@: no status effects
A: permanent stasis, dig shafts and tunnels, four strong arms, antennae 3
a: Dig, Shaft Self


You were on level 5 of the Dungeon.
You were hungry.

You visited 1 branch of the dungeon, and saw 5 of its levels.

You collected 196 gold pieces.

Inventory:

Hand Weapons
 a - a +0 long sword
 e - a -3 dagger
 C - a +1 spear of flaming (weapon)
Armour
 b - a +0 scale mail
 c - a +0 shield (worn)
 o - the +4 leather armour "Mamosmit" (worn) {Dex+3}
   (You found it on level 4 of the Dungeon)

   It affects your dexterity (+3).
 v - a +0 cloak (worn)
 y - a +1 robe
 D - the +1 leather armour of the Sacrificial Victim {rElec rC- Int+2 Dex+5}
   (You found it on level 4 of the Dungeon)

   It affects your intelligence (+2).
   It affects your dexterity (+5).
   It makes you vulnerable to cold.
   It insulates you from electricity.
Jewellery
 h - a ring of wizardry (right hand)
 r - a ring of resist corrosion (left hand)
Scrolls
 g - 5 scrolls of identify
 k - a scroll of fog {unknown}
 m - 2 scrolls of enchant armour {unknown}
 n - a scroll of remove curse
 p - 2 scrolls of teleportation {unknown}
 q - 2 scrolls of fear {unknown}
 t - 3 scrolls of immolation {unknown}
 u - 2 scrolls of enchant weapon {unknown}
 z - 2 scrolls of amnesia {unknown}
 B - a scroll of magic mapping
Potions
 d - a potion of might
 i - 2 potions of curing
 s - a potion of ambrosia
 x - a potion of invisibility
 A - 2 potions of agility
Comestibles
 f - 2 bread rations
 l - a meat ration
 w - a royal jelly


   Skills:
 + Level 4.7 Fighting
 + Level 4.8 Long Blades
 + Level 0.4 Polearms
 + Level 4.7 Armour
 + Level 2.3 Dodging
 + Level 1.0 Stealth
 + Level 6.1 Shields


You had 6 spell levels left.
You didn't know any spells.

Dungeon Overview and Level Annotations

Branches:
Dungeon (5/15)
 Temple: D:4-7

Altars:
Cheibriados
Xom
Zin

Annotations:
D:5 Menkaure


Innate Abilities, Weirdness & Mutations

You cannot be hasted, slowed, berserked, paralysed or teleported.
You can dig through walls and to a lower floor.
Your four strong arms can wield two-handed weapons with a shield.
You have a pair of large antennae on your head. (SInv)


Message History

Menkaure is heavily damaged.
Menkaure closely misses you. You block Menkaure's attack.
You hit Menkaure. You burn Menkaure.
Menkaure is severely damaged.
Menkaure grins.
Menkaure calls on the powers of darkness!
Your body is wracked with pain!
You hit Menkaure but do no damage.
Menkaure is severely damaged.
Menkaure grins.
Menkaure hits you!
* * * LOW HITPOINT WARNING * * *
Menkaure gestures at you while chanting.
Pain shoots through your body!
* * * LOW HITPOINT WARNING * * *
Menkaure whispers a few words.
There is a stone staircase leading up, spattered with blood here.
Menkaure casts a spell at you. Pain shoots through your body!
You die...

## ###. # ########.. # #.
#......#.# #.#####
#.#.####.####.#.#.#.....#
#.#........@M.......###.#
#.........#+#.#...#.###.#
+.............#####.#...#
#...................###.#
#..............###......#
. #.............##
#.##...# .
...####'######.####.##.#.#
.. #..)))............#.#
..
#..######.####.####.#...


You could see Menkaure.

Vanquished Creatures
  Sigmund (D:3)
  An ogre (D:4)
  A scorpion (D:4)
  A crimson imp (D:4)
  A hound (D:4)
  A bullfrog skeleton (D:4)
  An iguana (D:4)
  2 hound skeletons (D:4)
  7 gnolls
  9 adders
  3 oozes
  2 adder skeletons (D:4)
  A worm (D:3)
  2 dart slugs
  5 leopard geckos (D:2)
  2 orcs (D:4)
  3 giant cockroaches (D:1)
  7 hobgoblins
  9 kobolds
  4 quokkas
  6 ball pythons
  10 bats
  2 frilled lizards
  10 goblins
  A leopard gecko skeleton (D:4)
  8 rats
100 creatures vanquished.

Notes
Turn   | Place    | Note
-------+----------+-------------------------------------------
     0 | D:1      | slep the Formicid Fighter began the quest for the Orb.
     0 | D:1      | Reached XP level 1. HP: 18/18 MP: 1/1
    84 | D:1      | Reached skill level 4 in Shields
    84 | D:1      | Reached XP level 2. HP: 23/24 MP: 2/2
   199 | D:1      | Reached XP level 3. HP: 23/29 MP: 3/3
   532 | D:2      | Found a shimmering altar of Xom.
   533 | D:2      | Noticed an angel
   537 | D:2      | Found a glowing silver altar of Zin.
   588 | D:2      | Reached XP level 4. HP: 35/35 MP: 4/4
   632 | D:2      | Found a snail-covered altar of Cheibriados.
  1101 | D:2      | Reached XP level 5. HP: 40/41 MP: 5/5
  1307 | D:3      | Reached skill level 1 in Dodging
  1359 | D:3      | Noticed Sigmund
  1370 | D:3      | Killed Sigmund
  1370 | D:3      | Reached skill level 5 in Shields
  1370 | D:3      | Reached XP level 6. HP: 25/48 MP: 6/6
  1897 | D:4      | Got a spiked leather armour
  1908 | D:4      | Identified the +4 leather armour "Mamosmit" {Dex+3} (You found it on level 4 of the Dungeon)
  1939 | D:4      | Reached XP level 7. HP: 49/54 MP: 7/7
  2040 | D:4      | Reached skill level 1 in Stealth
  2457 | D:4      | Got a scorched leather armour
  2468 | D:4      | Identified the cursed +1 leather armour of the Sacrificial Victim {rElec rC- Int+2 Dex+5} (You found it on level 4 of the Dungeon)
  2504 | D:5      | Entered Level 5 of the Dungeon
  2606 | D:5      | Noticed Menkaure
  2652 | D:4      | Reached skill level 6 in Shields
  2918 | D:5      | HP: 1/55 [Menkaure/nerve-wracking pain (9)]
  2922 | D:5      | Killed from afar by Menkaure

Skill      XL: |  1  2  3  4  5  6  7 |
---------------+----------------------+-----
Shields        | 4 5 6 |  6.1
Armour         | 4 |  4.7
Long Blades    | 3 4 |  4.8
Dodging        | 1 2 |  2.3
Fighting       | 4 |  4.7
Stealth        | 1 |  1.0
Polearms       | |  0.4

Action                   |  1- 3 |  4- 6 |  7- 9 || total
-------------------------+-------+-------+-------++-------
Melee: Long sword        |    93 |   193 |    82 ||   368
       Spear             |       |       |    40 ||    40
  Use: Potion            |       |     3 |       ||     3
       Scroll            |       |     2 |     4 ||     6
  Eat: Chunk             |       |     4 |     3 ||     7
Armor: Scale mail        |    49 |    79 |       ||   128
       Leather armour    |       |     6 |    32 ||    38
Dodge: Dodged            |    38 |    75 |    53 ||   166
Block: Shield            |    64 |   108 |    65 ||   237
       Rpst.: Long sword |    16 |    27 |    17 ||    60
